 Dungeon Crawl Stone Soup version 0.20-a0-629-gc37eb77 (webtiles) character file.

8955 TuxedoFelix the Spear-Bearer (level 11, -1/135 HPs)
             Began as a Human Berserker on Feb 10, 2017.
             Was an Elder of Trog.
             Slain by a black mamba (13 damage)
             ... on level 2 of the Lair of Beasts.
             The game lasted 01:26:34 (12768 turns).

TuxedoFelix the Spear-Bearer (Human Berserker)     Turns: 12768, Time: 01:26:35

Health: -1/135     AC: 10    Str: 31      XL:     11   Next: 65%
Magic:  11/11      EV: 12    Int: 10 (11) God:    Trog [****..]
Gold:   303        SH:  4    Dex: 18 (19) Spells: 10/10 levels left

rFire    . . .     SeeInvis +   N - +9 glaive of Armageddon {chop, *Drain Str+6 Dex+6}
rCold    + . .     Gourm    +   G - +0 troll leather armour {Purgy}
rNeg     . . .     Faith    .   (shield currently unavailable)
rPois    +         Spirit   .   E - +2 hat {Int+3}
rElec    .         Reflect  .   q - scarf {rC+}
rCorr    .         Harm     .   H - +0 pair of gloves
MR       .....                  a - +2 pair of boots
Stlth    ..........             o - amulet of the gourmand
Regen    0.8/turn               t - ring of poison resistance
                                (no ring)

@: berserking, lethally poisoned (-1 -> -3), about to teleport, very heavily
drained, very quick
A: large bone plates 1, see invisible, deterioration 2
a: Berserk, Trog's Hand, Brothers in Arms, Burn Spellbooks, Renounce Religion


You were on level 2 of the Lair of Beasts.
You worshipped Trog.
Trog was greatly pleased with you.
You were full.

You visited 2 branches of the dungeon, and saw 12 of its levels.
You also visited: Sewer.

You collected 624 gold pieces.
You spent 321 gold pieces at shops.

Inventory:

Hand Weapons
 A - the +6 flail of the Warrior-Mage {crush, Str-5 Dex+4 SInv, unknown}
   (You found it on level 1 of the Lair of Beasts)

   It inflicts extra damage upon your enemies.
   It affects your strength (-5).
   It affects your dexterity (+4).
   It lets you see invisible.
 N - the +9 glaive of Armageddon (weapon) {chop, *Drain Str+6 Dex+6}
   (You found it on level 7 of the Dungeon)

   It inflicts extra damage upon your enemies.
   It affects your strength (+6).
   It affects your dexterity (+6).
   It causes draining when unequipped.
 O - a +3 war axe
 P - a +0 rapier
 T - a +0 rapier
Missiles
 C - 16 tomahawks (quivered)
Armour
 a - a +2 pair of boots (worn)
 q - a scarf of cold resistance (worn)
 E - a +2 hat of intelligence (worn)
 G - a +0 troll leather armour (worn) {Purgy}
 H - a +0 pair of gloves (worn)
Magical Staves
 S - an uncursed staff of fire {unknown}
Jewellery
 o - an amulet of the gourmand (around neck)
 t - a ring of poison resistance (right hand)
Wands
 d - a wand of flame (48/48)
 K - a wand of lightning (9/15)
 M - a wand of confusion (15/48)
 Q - a wand of random effects (10/48)
 R - a wand of polymorph (4/24)
Scrolls
 j - a scroll of teleportation
 n - 2 scrolls of fog {unknown}
 s - 4 scrolls of magic mapping
 u - a scroll of amnesia {unknown}
 x - 2 scrolls of recharging
 y - 9 scrolls of remove curse
 B - a scroll of fear
 I - a scroll of enchant armour {unknown}
 L - 3 scrolls of brand weapon {unknown}
Potions
 b - a potion of ambrosia {unknown}
 c - 3 potions of cancellation
 e - 2 potions of mutation
 f - a potion of berserk rage {unknown}
 k - a potion of might {unknown}
 m - 2 potions of agility
 p - 3 potions of curing
 v - 3 potions of brilliance
 w - 3 potions of haste {unknown}
 D - 2 potions of magic {unknown}
 F - a potion of flight {unknown}
 J - 2 potions of heal wounds {unknown}
Comestibles
 g - 5 royal jellies
 i - 13 fruits
 r - 7 bread rations
 z - 4 meat rations


   Skills:
 + Level 9.7(4.0) Fighting
 - Level 7.4(4.1) Axes
 * Level 10.2(5.2) Polearms
 - Level 6.2(1.0) Armour
 - Level 6.2(1.0) Dodging


You had 10 spell levels left.
You didn't know any spells.

Dungeon Overview and Level Annotations

Branches:
Dungeon (10/15)            Temple (0/1) D:7            Lair (2/6) D:9
    Orc (0/2) D:10
  Swamp: Lair:2-4    Shoals: Lair:2-4     Snake: Lair:2-4    Spider: Lair:2-4

Altars:
Ashenzari
Cheibriados
Fedhas
Kikubaaqudgha
Makhleb
Qazlal
Sif Muna
Xom
The Shining One

Shops:
D:6 %   D:9 *


Innate Abilities, Weirdness & Mutations

You are partially covered in large bone plates. (SH +4)
You have supernaturally acute eyesight. (SInv)
Your body often deteriorates upon taking damage.


Message History

* * * LOW HITPOINT WARNING * * *
The basilisk bites you!
* * * LOW HITPOINT WARNING * * *
The black mamba barely misses you. The black mamba bites you!
* * * LOW HITPOINT WARNING * * *
The basilisk bites you!
* * * LOW HITPOINT WARNING * * *
The black mamba bites you.
* * * LOW HITPOINT WARNING * * *
You turn to flesh and can move again.
As you read the scroll of teleportation, it crumbles to dust.
You feel strangely unstable.
You feel sick. The black mamba barely misses you.
The basilisk bites you but does no damage.
A seven-headed hydra comes into view.
A red film seems to cover your vision as you go berserk!
You feel yourself moving faster!
You feel mighty!
You feel sick.
The seven-headed hydra roars!
The black mamba bites you!
You die...

................
......
.......D.........
......
..................
...l..
..................
$.....
........<.........
......
.................
......
............._...
......
##....lS......#
......
#.....@.......
......
#.........##.#
......
##.......### #
#........#
#........#
###.......#
#.#.......#
#........#
##.......#


You could see a seven-headed hydra, a black mamba and a basilisk.

Vanquished Creatures
  Harold (Lair:1)
  A two-headed ogre (D:10)
  Sonja (Lair:1)
  Pikel (D:9)
  A komodo dragon (Lair:1)
  2 trolls (D:9)
  Grinder (D:4)
  A hippogriff (D:9)
  4 yaks (D:10)
  A wyvern (D:9)
  2 hungry ghosts (D:10)
  Menkaure (D:4)
  3 wargs (D:9)
  2 porcupines (Lair:1)
  Duvessa (D:7)
  3 orc warriors
  Purgy (Sewer)
  2 sky beasts
  An ice beast (D:5)
  A phantom (D:10)
  A necrophage (D:7)
  3 ogres
  A centaur (D:5)
  4 crocodiles (Lair:1)
  5 bullfrogs
  Dowan (D:7)
  3 scorpions
  2 troll zombies (D:10)
  A water moccasin skeleton (D:8)
  5 killer bees (D:8)
  3 crimson imps
  3 howler monkeys
  A quasit (D:7)
  5 hounds
  3 jellies
  8 orc priests
  A bullfrog skeleton (D:8)
  8 orc wizards
  4 iguanas
  6 worker ants
  A killer bee zombie (D:10)
  4 ogre zombies (D:10)
  A hound zombie (D:5)
  2 hound skeletons
  2 worker ant zombies
  4 gnolls (D:6)
  10 adders
  4 shadow imps
  2 oozes
  2 adder zombies
  A worm (D:2)
  3 leopard geckos
  22 orcs
  6 bats
  6 giant cockroaches
  10 goblins
  5 hobgoblins
  18 jackals
  8 quokkas
  3 ball pythons
  8 frilled lizards
  3 goblin zombies (D:10)
  3 hobgoblin skeletons (D:10)
  4 hobgoblin zombies (D:10)
  11 kobolds
  2 orc skeletons (D:10)
  7 orc zombies (D:10)
  A quokka zombie (D:10)
  7 rats
259 creatures vanquished.

Vanquished Creatures (others)
  A wyvern (D:9)
  A fungus (Lair:2)
2 creatures vanquished.

Grand Total: 261 creatures vanquished

Notes
Turn   | Place    | Note
-------+----------+-------------------------------------------
     0 | D:1      | TuxedoFelix the Human Berserker began the quest for the Orb.
     0 | D:1      | Reached XP level 1. HP: 18/18 MP: 1/1
   283 | D:1      | Reached XP level 2. HP: 17/24 MP: 2/2
   604 | D:1      | Reached XP level 3. HP: 17/29 MP: 3/3
  1047 | D:1      | Reached ** piety under Trog
  1770 | D:2      | Found a blossoming altar of Fedhas.
  1943 | D:2      | Reached XP level 4. HP: 25/35 MP: 4/4
  3010 | D:3      | Reached *** piety under Trog
  3934 | D:4      | Reached XP level 5. HP: 34/42 MP: 5/5
  3935 | D:4      | Noticed Menkaure
  3946 | D:4      | Killed Menkaure
  3946 | D:4      | Reached XP level 6. HP: 48/48 MP: 6/6
  4248 | D:4      | Noticed Grinder
  4282 | D:4      | Paralysed by Grinder for 7 turns
  4302 | D:4      | Paralysed by Grinder for 4 turns
  4314 | D:4      | Killed Grinder
  4314 | D:4      | Reached XP level 7. HP: 10/55 MP: 7/7
  4954 | D:4      | Found a deep blue altar of Sif Muna.
  4984 | D:5      | Entered Level 5 of the Dungeon
  5371 | D:5      | Found a glowing drain.
  5504 | D:5      | Reached skill level 5 in Fighting
  5517 | Sewer    | Entered a sewer
  5669 | Sewer    | Noticed Purgy
  5681 | Sewer    | Killed Purgy
  5681 | Sewer    | Reached XP level 8. HP: 62/62 MP: 8/8
  5789 | D:5      | Reached skill level 5 in Axes
  6588 | D:6      | Reached skill level 5 in Armour
  6609 | D:6      | Found Tuachong's Food Emporium.
  6628 | D:6      | Reached skill level 5 in Dodging
  6921 | D:6      | Reached XP level 9. HP: 69/69 MP: 9/9
  7271 | D:7      | Reached **** piety under Trog
  7372 | D:7      | Noticed Duvessa
  7375 | D:7      | Noticed Dowan
  7386 | D:7      | Killed Duvessa
  7675 | D:7      | Found a staircase to the Ecumenical Temple.
  7959 | D:7      | Killed Dowan
  8070 | D:7      | Got a brightly glowing glaive
  8564 | D:7      | Identified the +9 glaive of Armageddon {chop, *Drain Str+6 Dex+6} (You found it on level 7 of the Dungeon)
  8700 | D:8      | Gained mutation: You are partially covered in large bone plates. (SH +4) [potion of mutation]
  8700 | D:8      | Gained mutation: Your body sometimes deteriorates upon taking damage. [potion of mutation]
  8700 | D:8      | Gained mutation: Your body often deteriorates upon taking damage. [potion of mutation]
  8700 | D:8      | Gained mutation: You have supernaturally acute eyesight. (SInv) [potion of mutation]
  8729 | D:8      | HP: 1/103 [orc warrior/enchanted halberd (10)]
  8731 | D:8      | Reached skill level 1 in Polearms
  8907 | D:8      | Reached skill level 2 in Polearms
  8926 | D:8      | Reached skill level 3 in Polearms
  9033 | D:8      | Reached XP level 10. HP: 75/75 MP: 10/10
  9202 | D:8      | Found a stormy altar of Qazlal.
  9528 | D:8      | Reached skill level 4 in Polearms
  9781 | D:9      | Reached skill level 5 in Polearms
  9954 | D:9      | Reached skill level 6 in Polearms
  9963 | D:9      | Found a staircase to the Lair.
 10146 | D:9      | Found a burning altar of Makhleb.
 10146 | D:9      | Found a snail-covered altar of Cheibriados.
 10146 | D:9      | Found an ancient bone altar of Kikubaaqudgha.
 10146 | D:9      | Found a shattered altar of Ashenzari.
 10152 | D:9      | Found a glowing golden altar of the Shining One.
 10152 | D:9      | Found a shimmering altar of Xom.
 10309 | D:9      | Found Fezusisa's Assorted Antiques.
 10312 | D:9      | Bought 3 scrolls labeled DYUWKUO XIFUONG for 72 gold pieces
 10312 | D:9      | Bought a scroll of blinking for 180 gold pieces
 10312 | D:9      | Bought a scroll of identify for 48 gold pieces
 10312 | D:9      | Bought a fizzy yellow potion for 21 gold pieces
 10538 | D:9      | Noticed Pikel
 10548 | D:9      | Killed Pikel
 10548 | D:9      | Reached skill level 7 in Polearms
 10741 | D:10     | Entered Level 10 of the Dungeon
 10989 | D:10     | Reached skill level 8 in Polearms
 10989 | D:10     | Reached XP level 11. HP: 82/85 MP: 11/11
 11037 | D:10     | Noticed a two-headed ogre
 11043 | D:10     | Killed a two-headed ogre
 11122 | D:10     | Found a snail-covered altar of Cheibriados.
 11249 | D:10     | Reached ***** piety under Trog
 11297 | D:10     | Found a staircase to the Orcish Mines.
 11311 | D:10     | Reached skill level 9 in Polearms
 11970 | Lair:1   | Entered Level 1 of the Lair of Beasts
 11970 | Lair:1   | Noticed Harold
 11976 | Lair:1   | Killed Harold
 12048 | Lair:1   | Noticed Sonja
 12244 | Lair:1   | Killed Sonja
 12244 | Lair:1   | Reached skill level 10 in Polearms
 12511 | Lair:1   | Got a shimmering flail
 12574 | Lair:1   | Noticed a four-headed hydra
 12752 | Lair:2   | Found a shimmering altar of Xom.
 12768 | Lair:2   | Noticed a seven-headed hydra
 12768 | Lair:2   | Slain by a black mamba

Vault maps used:
D:1:      kennysheep_arrival_forest, minmay_misc_feat_chi
D:2:      fedhas_altar_2
D:3:      minmay_misc_feat_doors
D:4:      first_bread, hex_tiny, lemuel_blue_sif_altar, uniq_menkaure,
          uniq_grinder
D:5:      gup_sewer_entry_glass
D:6:      serial_shops, nicolae_shop_statue_plus
D:7:      temple_pool_b, uniq_duvessa
D:8:      grunt_qazlal_clouds, st_stairs_7
D:9:      minmay_overflow_temple_hex, erik_lair_orcish_takeover, serial_shops,
          kennysheep_mini, uniq_pikel
D:10:     zombieorc1_lemuel, minmay_ruined_shrine
Lair:1:   serial_bayou_shore_b, grunt_megastairs_5, uniq_sonja, uniq_harold
Lair:2:   minmay_snake_entry_guardpost_small, basic_altar, grunt_megastairs_2
Sewer:    kennysheep_door_sewer

Skill      XL: |  1  2  3  4  5  6  7  8  9 10 11 |
---------------+----------------------------------+-----
Armour         | 3 4 5 6 |  6.2
Dodging        | 3 4 5 6 |  6.2
Fighting       | 4 5 6 8 9 |  9.7
Axes           | 4 6 7 |  7.4
Polearms       | 3 8 10 | 10.2

Action                   |  1- 3 |  4- 6 |  7- 9 | 10-12 || total
-------------------------+-------+-------+-------+-------++-------
Melee: Hand axe          |   128 |   160 |   464 |       ||   752
       Glaive            |       |       |    45 |   220 ||   265
Throw: Throwing net      |       |     2 |     1 |     6 ||     9
       Tomahawk          |       |       |     2 |     3 ||     5
Invok: Berserk           |     3 |     2 |    12 |     8 ||    25
       Trog's Hand       |       |     2 |     4 |     5 ||    11
       Burn Spellbooks   |       |       |       |     2 ||     2
       Brothers in Arms  |       |       |       |     2 ||     2
  Use: Scroll            |     2 |     4 |    13 |     7 ||    26
       Potion            |       |       |     3 |     1 ||     4
 Stab: Held in net/web   |       |     2 |       |       ||     2
       Distracted        |       |       |       |     2 ||     2
       Sleeping          |       |       |       |     2 ||     2
  Eat: Chunk             |     2 |    21 |    28 |    24 ||    75
       Bread ration      |     1 |       |       |       ||     1
       Meat ration       |       |       |       |     1 ||     1
Armor: Animal skin       |    17 |       |       |       ||    17
       Ring mail         |     3 |    42 |    46 |       ||    91
       Troll leather arm |       |       |   178 |   103 ||   281
Dodge: Dodged            |    88 |    79 |   470 |   257 ||   894
Block: Other             |       |       |    12 |    54 ||    66
